 Dungeon Crawl Stone Soup version 0.18.1-1-g2f07953 (webtiles) character file.

2791146 Senshi the Conqueror (level 27, 194/194 (199) HPs)
             Began as a Demonspawn Fighter on May 22, 2016.
             Was a High Priest of Okawaru.
             Escaped with the Orb
             ... and 5 runes!
             The game lasted 03:49:40 (89746 turns).

Senshi the Conqueror (Demonspawn Fighter)          Turns: 89746, Time: 03:49:40

HP:   194/194 (199) AC: 45    Str: 30    XL:     27
MP:   26/26         EV: 26    Int:  7    God:    Okawaru [*****.]
Gold: 7772          SH: 27    Dex: 23    Spells: 2 memorised, 21 levels left

rFire  + + .     SeeInvis .     q - +9 demon whip (elec)
rCold  + + .     Gourm    .     D - +12 gold dragon armour
rNeg   + . .     Faith    .     F - +5 large shield of Plasticity {Str+3}
rPois  +         Spirit   .     (helmet unavailable)
rElec  +         Dismiss  .     k - +2 cloak {MR+}
rCorr  .         Reflect  .     c - +1 pair of gloves {Dex+3}
SustAt .         Harm     .     Y - +1 pair of boots of the Falcon {rElec rF+}
MR     ++++.                    l - amulet of regeneration
Stlth  ..........               y - ring of Rosih {rC+ MR+}
                                G - +6 ring of dexterity

@: very slightly contaminated, hasted, repel missiles, very quick, incredibly
resistant to hostile enchantments, extremely unstealthy
A: horns 3, repulsion field 3, camouflage 1, blurry vision 1, dopey 2, frail 2,
low mp 1, negative energy resistance 1, powered by pain 3, spiny 3, 50% torment
resistance, black mark
a: Heroism, Finesse, Renounce Religion
0: Orb of Zot
}: 5/15 runes: serpentine, barnacled, slimy, silver, abyssal


You escaped.
You worshipped Okawaru.
Okawaru was extremely pleased with you.
You were full.

You visited 12 branches of the dungeon, and saw 61 of its levels.
You visited the Abyss 1 time.
You also visited: Bailey and Volcano.

You collected 11192 gold pieces.
You spent 3420 gold pieces at shops.

Inventory:

Hand Weapons
 q - a +9 demon whip of electrocution (weapon)
 C - the +1 hand crossbow "Onaum" {speed, rF+}
   (You found it on level 7 of the Lair of Beasts)

   Attacks with this weapon are significantly faster.
   It protects you from fire.
Missiles
 b - 13 throwing nets (quivered)
 p - 2430 bolts
Armour
 c - a +1 pair of gloves of dexterity (worn)
 k - a +2 cloak of magic resistance (worn)
 D - a +12 gold dragon armour (worn)
 F - the +5 large shield of Plasticity (worn) {Str+3}
   (You found it on level 3 of the Crypt)

   It affects your strength (+3).
 Y - the +1 pair of boots of the Falcon (worn) {rElec rF+}
   (You found it on level 8 of the Lair of Beasts)

   It protects you from fire.
   It insulates you from electricity.
Jewellery
 a - an uncursed ring of protection from magic
 l - an amulet of regeneration (around neck)
 x - an uncursed ring of flight
 y - the ring of Rosih (right hand) {rC+ MR+}
   (You found it on level 6 of the Pits of Slime)

   [ring of protection from cold]

   It protects you from cold.
   It affects your resistance to hostile enchantments.
 E - an uncursed ring of sustain attributes
 G - a +6 ring of dexterity (left hand)
 J - the amulet of Beauty {+Rage rElec rC+}
   (You acquired it on level 3 of the Shoals)

   [amulet of rage]

   It protects you from cold.
   It insulates you from electricity.
   It lets you go berserk.
 Q - an uncursed ring of protection from cold
 T - an uncursed ring of see invisible
 V - an uncursed ring of fire
 Z - an uncursed ring of teleportation
Wands
 n - a wand of digging (20/24)
 r - a wand of disintegration (24/24)
 P - a wand of teleportation (8/9)
Scrolls
 e - 9 scrolls of recharging
 g - 3 scrolls of magic mapping
 h - 13 scrolls of blinking
 i - 3 scrolls of silence
 j - 23 scrolls of remove curse
 m - 9 scrolls of identify
 o - 3 scrolls of enchant weapon
 I - a scroll of summoning
 L - 13 scrolls of fog
 U - 4 scrolls of fear
 X - 8 scrolls of teleportation
Potions
 d - 7 potions of berserk rage
 f - 13 potions of heal wounds
 s - 8 potions of agility
 t - 6 potions of cancellation
 v - 2 potions of haste
 z - 5 potions of mutation
 H - 8 potions of ambrosia
 K - 4 potions of resistance
 M - 2 potions of might
 N - 18 potions of curing
Miscellaneous
 B - a sack of spiders
Comestibles
 w - 36 bread rations
 A - 3 slices of pizza
 O - 30 fruits
 S - 4 beef jerkies
 W - a royal jelly


   Skills:
 O Level 27 Fighting
 - Level 22.7 Maces & Flails
 - Level 10.0 Crossbows
 + Level 21.9 Armour
 + Level 22.0 Dodging
 - Level 14.5 Shields
 - Level 8.2 Invocations
 - Level 7.4 Evocations


You had 21 spell levels left.
You knew the following spells:

 Your Spells              Type           Power        Failure   Level  Hunger
a - Regeneration          Chrm/Necr      #.........   100%        3    ####...
b - Song of Slaying       Chrm           #.......     100%        2    ###....


Dungeon Overview and Level Annotations

Branches:
Dungeon (15/15)            Temple (1/1) D:5            Lair (8/8) D:9
 Shoals (4/4) Lair:6        Snake (4/4) Lair:5        Slime (6/6) Lair:7
    Orc (2/2) D:11            Elf (3/3) Orc:2        Vaults (5/5) D:13
  Crypt (3/3) Vaults:2       Tomb (0/3) Crypt:3      Depths (5/5) D:15
    Zot (5/5) Depths:5

Altars:
Ashenzari
Cheibriados
Dithmenos
Elyvilon
Fedhas
Gozag
Kikubaaqudgha
Makhleb
Nemelex Xobeh
Okawaru
Pakellas
Qazlal
Ru
Sif Muna
Trog
Vehumet
Xom
Yredelemnul
Zin
The Shining One
Beogh
Jiyva

Shops:
D:10 !   D:12 =   D:14 [?   D:15 :   Orc:2 [?[!%   Shoals:3 !*   Snake:2 ?
Depths:1 *

Portals:
Hell: Depths:1 Depths:2 Depths:3 Depths:4 Depths:5
Abyss: Depths:3 Depths:4
Pandemonium: Depths:3
Ziggurat: Depths:2
Trove: Vaults:1 (give 8 potions of haste)

Annotations:
Lair:2 exclusion: oklob plant
Snake:3 exclusion: ice statue


Innate Abilities, Weirdness & Mutations

You have a pair of large horns on your head.
You are surrounded by a strong repulsion field (EV +4, rMsl).
You resist negative energy.
You are powered by pain.
You are completely covered in sharp spines.
You are somewhat able to resist unholy torments (1 in 2 success).
Your melee attacks may debilitate your foes.
Your skin changes colour to match your surroundings (Stealth).
Scrolls take you a little longer to read.
You are very dopey. (Int -4)
You are very frail (-20% HP).
Your magical capacity is low (-10% MP).


Message History

Woginip summons a servant imbued with its destructive magic!
You block the sixfirhy's attack. You block the sixfirhy's attack.
Evoke which item? (* to show all) (? for menu, Esc to quit)
Zapping:
n - a wand of digging (21/24)
Press: ? - help, Shift-Dir - straight line, f - you The rock shatters into small pieces.
This wand has 20 charges left.
Woginip gestures.
Woginip gestures.
You hear a mighty clap of thunder!
The lightning arc hits the sun demon.
The sun demon resists.
The lightning arc hits the orange demon. x2
The lightning arc arcs out of your line of sight!
The lightning arc hits Woginip.
You hear a mighty clap of thunder!
The lightning arc suddenly appears!
The lightning arc hits Woginip.
The lightning arc hits the orange demon.
The orange demon dies!
There is a staircase leading out of the dungeon here.
You have escaped!

#.................#.....#
.....##...........#.....#
..................#...#####
....######...#.........)..#
....### #################.#
......###.### #.# ###.#.#
.....8..##..####'####..##.###
.#....#3####..'...'..####..>#
.+.....4...&..4.@.#### #.#.#
##....#4####..'...'..####.#.#
#.....#.##..####'####..##.#.#
#.....#.##### #.# ###.#...#
.....^#..#######.########.#######
.................................
.........###.######..############
...####'####..#####..# #.........
...##.....###'##.....###.########


You could see Woginip and an orange demon.

Vanquished Creatures
  the Royal Jelly (Slime:6)
  4 ancient liches
  8 orbs of fire
  Mennas (Crypt:2)
  Mara (Shoals:3)
  A juggernaut (Depths:3)
  A greater mummy (Crypt:2)
  Sojobo (Vaults:4)
  Boris (twice) (Vaults:4 Crypt:1)
  A curse toe (Zot:4)
  Frederick (Vaults:4)
  Saint Roka (Vaults:1)
  Nikola (Vaults:2)
  5 Killer Klowns
  9 golden dragons
  3 bone dragons
  Jory (Depths:5)
  A Brimstone Fiend (Zot:3)
  Jorgrun (Depths:5)
  6 electric golems
  A hellephant (Abyss:4)
  12 tentacled monstrosities
  23 Orb Guardians
  2 pandemonium lords
  Asterion (Snake:3)
  23 acid blobs
  9 liches
  4 titans
  Rupert (Lair:8)
  2 quicksilver dragons
  Frances (Shoals:2)
  9 sphinxes
  2 deep elf blademasters (Elf:3)
  2 deep elf master archers (Elf:3)
  Polyphemus (Shoals:3)
  A kraken (Shoals:4)
  2 ancient champions (Crypt:2)
  A tentacled starspawn (Abyss:3)
  6 tengu reavers
  12 death cobs
  12 shadow dragons
  16 storm dragons
  Ilsuiw (Shoals:3)
  14 azure jellies
  Kirke (Snake:2)
  5 fire giants
  12 greater nagas
  9 draconian monks
  An azure jelly (shapeshifter) (Depths:1)
  A revenant (Crypt:3)
  Wiglaf (Vaults:5)
  3 draconian knights
  2 iron dragons
  A balrug (Zot:1)
  A frost giant (shapeshifter) (Depths:5)
  5 draconian scorchers
  17 vault wardens
  Donald (Shoals:2)
  An orc warlord (Vaults:4)
  11 frost giants
  A caustic shrike zombie (Crypt:1)
  4 deep elf sorcerers (Elf:3)
  10 draconian zealots
  5 deep elf elementalists (Elf:3)
  5 draconian shifters
  A juggernaut zombie (Depths:4)
  4 war gargoyles
  2 spriggan defenders
  3 curse skulls
  8 ghouls
  Aizul (Lair:6)
  A caustic shrike skeleton (Depths:1)
  15 very ugly things
  9 draconian annihilators
  A reaper (D:7)
  18 ironheart preservers
  24 stone giants
  2 draconian callers
  15 green draconians
  Nessos (D:13)
  5 deep elf demonologists
  5 dire elephants (Abyss:4)
  12 deep elf annihilators
  12 mottled draconians
  4 salamander stormcallers
  11 red draconians
  14 white draconians
  7 black draconians
  3 vampire knights
  10 yellow draconians
  3 spark wasps
  15 ettins
  14 purple draconians
  10 death oozes (Slime:6)
  23 fire dragons
  40 vault guards
  5 merfolk javelineers
  10 deep elf death magi
  7 deep elf high priests
  9 merfolk impalers
  Josephine (D:12)
  17 great orbs of eyes
  12 jiangshi
  19 yaktaur captains
  20 naga warriors
  21 ice dragons
  5 entropy weavers
  6 hydras
  A satyr (Shoals:4)
  9 merfolk aquamancers
  13 centaur warriors
  A catoblepas (Shoals:3)
  19 ogre magi
  7 rakshasas
  8 merfolk avatars
  2 spriggan air magi (Depths:5)
  10 anacondas
  7 deep troll shamans
  4 death knights
  2 alligator snapping turtles
  12 death yaks
  8 tengu warriors
  9 deep troll earth magi
  8 vampire magi
  17 naga sharpshooters
  30 dancing weapons
  3 spriggan berserkers (Depths:5)
  5 titan zombies (Crypt:2)
  6 shock serpents
  15 spriggans
  A sun demon (Depths:5)
  A shock serpent (shapeshifter) (Vaults:3)
  Sonja (D:11)
  26 deep elf knights
  A wretched star (Abyss:1)
  4 shadow wraiths
  11 hell knights
  8 soul eaters
  A fire crab (Vaults:4)
  16 sea snakes
  A death drake (shapeshifter) (Vaults:1)
  6 salamander mystics
  32 skeletal warriors
  A spatial maelstrom (Abyss:4)
  A storm dragon zombie (Crypt:2)
  16 deep elf archers
  26 deep trolls
  A ghost moth zombie (Crypt:2)
  5 giant orange brains
  An anaconda zombie (Crypt:2)
  6 iron trolls
  An unseen horror (D:10)
  2 golden dragon zombies (Crypt:2)
  7 wizards
  2 flayed ghosts (Vaults:3)
  A swamp dragon (Zot:1)
  18 hill giants
  2 lindwurms (Depths:1)
  6 naga ritualists
  12 phantasmal warriors
  12 necromancers
  2 wolf spider zombies
  A mana viper (shapeshifter) (Vaults:5)
  77 deep elf magi
  20 ironbrand convokers
  A shadow dragon zombie (Crypt:3)
  15 harpies
  4 golden dragon skeletons
  3 mana vipers
  2 iron dragon zombies (Crypt:3)
  An orange crystal statue (Depths:2)
  11 orc knights
  6 orc sorcerers
  14 griffons
  43 ugly things
  2 wolf spiders
  6 shining eyes
  16 cyclopes
  23 salamanders
  3 hornets
  3 shadow dragon skeletons
  A wolf spider (shapeshifter) (Depths:1)
  A faun (shapeshifter) (Vaults:5)
  2 sixfirhies
  4 fauns (Shoals:1)
  An iron dragon skeleton (Crypt:3)
  3 oklob plants
  11 manticores
  14 elephants
  33 moths of wrath
  A shining eye (shapeshifter) (Depths:1)
  A dire elephant zombie (Crypt:2)
  An apocalypse crab (Abyss:3)
  A frost giant skeleton (Vaults:4)
  9 sirens
  13 large abominations
  2 water nymphs
  2 eyes of devastation
  13 guardian serpents
  2 guardian serpents (shapeshifter)
  An elephant (shapeshifter) (Vaults:5)
  36 naga magi
  A smoke demon (D:11)
  42 black mambas
  9 vault sentinels
  A stone giant skeleton (Crypt:2)
  An octopode (shapeshifter) (Depths:2)
  Psyche (D:9)
  10 fire giant skeletons
  3 centaur skeletons
  9 gargoyles
  8 spiny frogs
  5 spectral swamp worms (Depths:4)
  5 rime drakes
  47 yaktaurs
  A human zombie (Vaults:4)
  2 ice devils
  A red draconian skeleton (Crypt:2)
  A dire elephant skeleton (Crypt:3)
  15 freezing wraiths
  A komodo dragon (shapeshifter) (Vaults:3)
  A kobold demonologist (D:14)
  An efreet (Abyss:4)
  7 komodo dragons
  A hellwing (D:7)
  2 ancient zymes
  3 harpy zombies (Crypt:2)
  37 merfolk
  8 guardian mummies
  15 trolls
  2 tengu conjurers
  2 spectral guardian serpents (Crypt:1)
  6 small abominations
  4 polar bears
  5 wind drakes
  A jumping spider (Depths:2)
  2 two-headed ogres (shapeshifter)
  23 two-headed ogres
  Prince Ribbit (D:8)
  22 blink frogs
  7 raiju (Abyss:4)
  A blink frog (shapeshifter) (Depths:2)
  2 ettin zombies
  Grinder (D:3)
  A harpy skeleton (Abyss:4)
  112 slime creatures
  2 bog bodies
  5 snapping turtles
  A fire dragon zombie (Crypt:3)
  A hornet zombie (Crypt:1)
  7 flying skulls
  5 boulder beetles
  2 frost giant simulacra (Vaults:4)
  2 stone giant simulacra
  3 ynoxinuls
  An ice dragon zombie (Crypt:2)
  3 spriggans (shapeshifter)
  6 air elementals
  12 shadows
  A tarantella (shapeshifter) (Depths:1)
  25 redbacks
  4 tarantellas
  20 wraiths
  12 water elementals
  An ettin skeleton (Crypt:3)
  2 hogs (Snake:2)
  2 alligator skeletons
  7 fire dragon skeletons (Crypt:3)
  6 starcursed masses (Abyss:4)
  A yak (shapeshifter) (Vaults:2)
  A black mamba skeleton (Crypt:3)
  2 golden eyes (shapeshifter) (Vaults:1)
  4 basilisks
  70 yaks
  6 fire elementals
  A wyvern (shapeshifter) (Vaults:5)
  9 hippogriffs
  A hill giant zombie (Crypt:2)
  An ice dragon skeleton (Crypt:3)
  4 vampires
  A human (D:7)
  11 golden eyes
  2 hogs (shapeshifter)
  2 steam dragons (D:9)
  7 hungry ghosts
  2 chaos spawn
  32 vampire mosquitoes
  5 mottled dragons
  A soldier ant (D:14)
  Menkaure (D:4)
  5 wargs
  A yaktaur simulacrum (Vaults:1)
  Edmund (D:4)
  2 spatial vortices (Abyss:4)
  67 nagas
  A soldier ant (shapeshifter) (Depths:2)
  Duvessa (D:4)
  A spiny frog zombie (Crypt:2)
  20 water moccasins
  9 porcupines
  A gelid demonspawn skeleton (Crypt:1)
  An elf simulacrum (Depths:4)
  5 ice beasts
  5 sky beasts
  A necrophage (Crypt:1)
  44 orc warriors
  3 phantoms
  11 wasps
  9 black bears
  6 eyes of draining
  A tengu (shapeshifter) (Vaults:5)
  78 ogres
  A boggart (shapeshifter) (Vaults:5)
  17 boggarts
  34 wolves
  29 centaurs
  18 crocodiles
  A big kobold (D:14)
  A big kobold (shapeshifter) (Depths:3)
  16 giant frogs
  A draconian zombie (Crypt:1)
  Dowan (D:3)
  5 elf zombies
  A glowing shapeshifter simulacrum (Depths:4)
  2 earth elementals
  2 human skeletons
  A hell hound skeleton (Crypt:1)
  2 wyvern skeletons
  A water moccasin zombie (Crypt:1)
  4 scorpions
  The ghost of NervFog the Ducker, a weakling TrFi (D:5)
  A troll zombie (D:11)
  2 human simulacra
  3 killer bees (D:8)
  A shapeshifter zombie (Crypt:2)
  A water moccasin skeleton (Crypt:2)
  11 wights
  An electric eel (Lair:4)
  A troll skeleton (Crypt:3)
  3 howler monkeys
  7 crimson imps
  2 giant frog zombies
  5 hounds
  2 quasits
  33 jellies
  5 centaur zombies
  31 orc wizards
  18 orc priests
  An iron imp (Depths:3)
  7 iguanas
  11 worker ants
  37 sheep
  A tengu zombie (Crypt:3)
  6 ogre zombies
  A felid skeleton (Crypt:2)
  A hound skeleton (D:5)
  14 mummies
  A worker ant zombie (D:5)
  A howler monkey skeleton (Crypt:2)
  12 adders
  6 gnolls
  2 hell rat skeletons (Crypt:1)
  67 river rats
  A swamp drake skeleton (Crypt:2)
  2 shadow imps
  A white imp (Depths:1)
  3 adder skeletons
  2 worms
  3 dart slugs
  6 giant geckos
  119 orcs
  9 ball pythons
  6 giant cockroaches
  11 goblins
  8 hobgoblins
  5 jackals
  5 quokkas
  11 bats
  4 giant newts
  3 goblin zombies (D:11)
  2 hobgoblin skeletons
  A hobgoblin zombie (D:11)
  14 kobolds
  A kobold zombie (Crypt:2)
  2 orc skeletons (D:11)
  12 orc zombies (D:11)
  2 quokka skeletons
  6 rats (D:1)
  A lost soul (Crypt:1)
  4 plants
  2 starspawn tentacles (Abyss:3)
3236 creatures vanquished.

Vanquished Creatures (others)
  2 liches
  A draconian knight (Zot:4)
  A draconian zealot (Zot:1)
  A vampire knight (Depths:2)
  3 merfolk javelineers (Shoals:4)
  2 yaktaur captains (Vaults:5)
  An ogre mage (Vaults:4)
  A deep elf knight (Elf:2)
  A deep elf archer (Vaults:5)
  A cyclops (Shoals:4)
  A black mamba (Snake:3)
  5 yaktaurs
  An orange demon (D:1)
  2 two-headed ogres (Vaults:4)
  3 humans (Snake:2)
  4 ogres
  A boggart (Depths:4)
  A centaur (D:6)
  2 orcs
  33 fungi
  5 lost souls
  34 plants
  3 starspawn tentacles (Abyss:3)
  37 starspawn tentacle segments (Abyss:3)
  8 tentacles
  27 tentacle segments (Shoals:4)
  18 withered plants (Crypt:3)
199 creatures vanquished.

Grand Total: 3435 creatures vanquished

Notes
Turn   | Place    | Note
--------------------------------------------------------------
     0 | D:1      | Senshi the Demonspawn Fighter began the quest for the Orb.
     0 | D:1      | Reached XP level 1. HP: 18/18 MP: 1/1
   206 | D:1      | Gained mutation: You are partially covered in sharp spines. [demonic ancestry]
   206 | D:1      | Reached XP level 2. HP: 24/24 MP: 2/2
   439 | D:1      | Reached XP level 3. HP: 29/29 MP: 3/3
  1221 | D:2      | Gained mutation: You are surrounded by a mild repulsion field (EV +2). [demonic ancestry]
  1221 | D:2      | Reached XP level 4. HP: 37/37 MP: 4/4
  1398 | D:3      | Noticed Grinder
  1400 | D:3      | Paralysed by Grinder for 2 turns
  1411 | D:3      | Killed Grinder
  1411 | D:3      | Reached skill level 4 in Fighting
  1411 | D:3      | Reached XP level 5. HP: 31/43 MP: 5/5
  1411 | D:3      | Gained mutation: You are surrounded by a moderate repulsion field (EV +3). [demonic ancestry]
  1411 | D:3      | Reached XP level 6. HP: 36/49 MP: 6/6
  1859 | D:3      | Found a shimmering altar of Xom.
  1881 | D:3      | Reached skill level 5 in Maces & Flails
  1987 | D:4      | Noticed Duvessa
  1988 | D:4      | Noticed Dowan
  2005 | D:3      | Reached skill level 5 in Fighting
  2127 | D:4      | Noticed Menkaure
  2142 | D:4      | Killed Menkaure
  2142 | D:4      | Reached XP level 7. HP: 45/56 MP: 7/7
  2230 | D:4      | Killed Duvessa
  2238 | D:3      | Killed Dowan
  2874 | D:4      | Noticed Edmund
  2905 | D:4      | Killed Edmund
  2905 | D:4      | Reached skill level 6 in Fighting
  2905 | D:4      | Reached XP level 8. HP: 41/64 MP: 6/8
  3012 | D:4      | Found a burning altar of Makhleb.
  3274 | D:5      | Entered Level 5 of the Dungeon
  3358 | D:5      | Found a shadowy altar of Dithmenos.
  3463 | D:5      | Found a shattered altar of Ashenzari.
  3721 | D:5      | Noticed NervFog's ghost (weakling TrFi)
  3727 | D:5      | Killed NervFog's ghost
  3738 | D:5      | Found a staircase to the Ecumenical Temple.
  3794 | Temple   | Entered the Ecumenical Temple
  3803 | Temple   | Became a worshipper of Warmaster Okawaru
  4129 | D:6      | Found a glowing silver altar of Zin.
  4322 | D:6      | Reached skill level 7 in Fighting
  4559 | D:6      | Found a basalt altar of Yredelemnul.
  4684 | D:7      | Reached * piety under Okawaru
  4684 | D:7      | Gained mutation: You sometimes gain a little power by taking damage. [demonic ancestry]
  4684 | D:7      | Reached XP level 9. HP: 65/72 MP: 9/9
  5003 | D:7      | Found a stormy altar of Qazlal.
  5061 | D:7      | Got a wavering pewter amulet
  5395 | D:8      | Noticed Prince Ribbit
  5402 | D:8      | Killed Prince Ribbit
  5402 | D:8      | Reached skill level 10 in Maces & Flails
  5466 | D:8      | Reached ** piety under Okawaru
  5466 | D:8      | Reached skill level 8 in Fighting
  5682 | D:8      | Found a shattered altar of Ashenzari.
  6170 | D:8      | Identified the amulet "Ocolag" {Spirit Dex+5} (You found it on level 7 of the Dungeon)
  6431 | D:8      | Gained mutation: You are mostly covered in sharp spines. [demonic ancestry]
  6431 | D:8      | Reached XP level 10. HP: 82/82 MP: 10/10
  6484 | D:9      | Noticed Psyche
  6492 | D:9      | Killed Psyche
  6492 | D:9      | Reached *** piety under Okawaru
  6518 | D:9      | Reached skill level 1 in Dodging
  6962 | D:9      | Received a gift from Okawaru
  6964 | D:9      | Noticed a centaur warrior
  6975 | D:9      | Killed a centaur warrior
  6975 | D:9      | Reached skill level 9 in Fighting
  7005 | D:9      | Found a staircase to the Lair.
  7120 | D:9      | Reached **** piety under Okawaru
  7562 | D:10     | Entered Level 10 of the Dungeon
  7686 | D:10     | Found Renohocyg's Distillery.
  7700 | D:10     | Killed an unseen horror
  7707 | D:10     | Bought a potion of curing for 51 gold pieces
  7707 | D:10     | Bought a potion of heal wounds for 85 gold pieces
  7707 | D:10     | Bought a potion of heal wounds for 85 gold pieces
  7707 | D:10     | Bought 2 potions of curing for 102 gold pieces
  7939 | D:10     | Found a sparkling altar of Nemelex Xobeh.
  8235 | D:11     | Noticed a hill giant
  8260 | D:11     | Killed a hill giant
  8503 | D:11     | Reached XP level 11. HP: 89/89 MP: 11/11
  8698 | D:11     | Found a staircase to the Orcish Mines.
  8725 | D:11     | Received a gift from Okawaru
  8982 | D:11     | Noticed Sonja
  8989 | D:11     | Killed Sonja
  8989 | D:11     | Reached skill level 5 in Armour
  9410 | D:11     | Reached skill level 10 in Fighting
  9456 | D:11     | Noticed a hill giant
  9468 | D:11     | Killed a hill giant
  9468 | D:11     | Reached ***** piety under Okawaru
  9768 | D:12     | Got a smoking amber ring
  9779 | D:12     | Noticed a hill giant
  9795 | D:12     | Killed a hill giant
  9877 | D:12     | Noticed a deep elf mage
  9887 | D:12     | Noticed Josephine
 10094 | Lair:1   | Entered Level 1 of the Lair of Beasts
 10575 | Lair:1   | Identified the ring of the Priest {rCorr *Drain rF- rN+++ Str+3} (You found it on level 12 of the Dungeon)
 10927 | Lair:2   | Reached skill level 5 in Dodging
 11310 | Lair:2   | Noticed an oklob plant
 11483 | Lair:2   | Killed an oklob plant
 11484 | Lair:2   | Noticed an oklob plant
 11791 | Lair:2   | Received a gift from Okawaru
 11791 | Lair:2   | Reached XP level 12. HP: 89/98 MP: 9/12
 14069 | Lair:4   | Noticed a five-headed hydra
 14078 | Lair:4   | Killed a five-headed hydra
 14078 | Lair:4   | Reached skill level 11 in Fighting
 14750 | Lair:5   | Reached ****** piety under Okawaru
 14758 | Lair:5   | Received a gift from Okawaru
 14803 | Lair:5   | Found a staircase to the Snake Pit.
 14837 | Lair:5   | Received a gift from Okawaru
 14837 | Lair:5   | Gained mutation: You have a pair of small horns on your head. [demonic ancestry]
 14837 | Lair:5   | Reached XP level 13. HP: 51/106 MP: 10/13
 16112 | Lair:6   | You fall through a shaft for 2 floors!
 16112 | Lair:8   | Entered Level 8 of the Lair of Beasts
 16272 | Lair:8   | Received a gift from Okawaru
 16721 | Lair:7   | Found a dark tunnel.
 16730 | Volcano  | Entered a volcano
 16751 | Volcano  | Found a bloodstained altar of Trog.
 16790 | Volcano  | Received a gift from Okawaru
 16799 | Volcano  | Got a twisted arbalest {god gift}
 16956 | Volcano  | Identified a scroll of acquirement
 17437 | Lair:6   | Found a staircase to the Shoals.
 17475 | Lair:6   | Found a shadowy altar of Dithmenos.
 17585 | Lair:6   | Reached skill level 15 in Maces & Flails
 17594 | Lair:6   | Reached skill level 12 in Fighting
 18191 | Lair:7   | Found a viscous altar of Jiyva.
 18191 | Lair:7   | Found a staircase to the Slime Pits.
 18559 | Lair:6   | Reached XP level 14. HP: 78/115 MP: 12/14
 19340 | Lair:7   | Got a polished hand crossbow
 19341 | Lair:7   | Identified the +1 hand crossbow "Onaum" {speed, rF+} (You found it on level 7 of the Lair of Beasts)
 19350 | Lair:7   | Identified the +1 arbalest "Miwozyurr" {elec, rN+} (Okawaru gifted it to you in a volcano)
 19428 | Lair:8   | Got a pair of smoking boots
 19439 | Lair:8   | Identified the +1 pair of boots of the Falcon {rElec rF+} (You found it on level 8 of the Lair of Beasts)
 19505 | Lair:8   | Received a gift from Okawaru
 20086 | Lair:8   | Noticed Rupert
 20138 | Lair:8   | Killed Rupert
 21030 | D:12     | Found Vuuleg's Jewellery Emporium.
 21048 | D:12     | Killed Josephine
 21048 | D:12     | Reached skill level 10 in Armour
 21121 | D:12     | Received a gift from Okawaru
 21131 | D:12     | Learned a level 3 spell: Regeneration
 21134 | D:12     | Learned a level 2 spell: Song of Slaying
 21366 | D:13     | Reached skill level 1 in Invocations
 21392 | D:13     | Reached skill level 13 in Fighting
 21621 | D:13     | Found a gate to the Vaults.
 21662 | D:13     | Found a flagged portal.
 21668 | Bailey   | Entered a bailey
 21734 | Bailey   | Received a gift from Okawaru
 22478 | D:12     | Gained mutation: You have a pair of horns on your head. [demonic ancestry]
 22478 | D:12     | Reached XP level 15. HP: 117/123 MP: 17/17
 23345 | D:13     | Noticed Nessos
 23380 | D:13     | Killed Nessos
 23380 | D:13     | Reached skill level 10 in Dodging
 23722 | D:14     | Reached skill level 5 in Invocations
 23749 | D:14     | Received a gift from Okawaru
 23771 | D:14     | Gained mutation: Your mind is acute. (Int +2) [potion of mutation]
 23771 | D:14     | Gained mutation: You have a pair of large horns on your head. [potion of mutation]
 23771 | D:14     | Gained mutation: You possess an exceptional clarity of mind. [potion of mutation]
 23798 | D:14     | Found Veosofo's Magic Scroll Boutique.
 23830 | D:14     | Reached skill level 14 in Fighting
 23868 | D:14     | Bought a scroll of identify for 24 gold pieces
 23868 | D:14     | Bought a scroll of enchant armour for 90 gold pieces
 23929 | D:14     | Found Nukause's Armour Boutique.
 24617 | D:15     | Entered Level 15 of the Dungeon
 25027 | D:15     | Received a gift from Okawaru
 25697 | D:15     | Found a staircase to the Depths.
 25995 | D:15     | Reached skill level 15 in Fighting
 26011 | D:15     | Reached XP level 16. HP: 132/136 MP: 19/21
 26377 | D:15     | Found Ulodit's Book Emporium.
 27471 | Orc:1    | Entered Level 1 of the Orcish Mines
 27653 | Orc:1    | Reached skill level 1 in Crossbows
 27662 | Orc:1    | Paralysed by an orc sorcerer for 2 turns
 27877 | Orc:1    | Reached skill level 1 in Evocations
 27954 | Orc:2    | Entered Level 2 of the Orcish Mines
 28656 | Orc:2    | Found a roughly hewn altar of Beogh.
 28767 | Orc:2    | Found Qory's Antique Armour Shoppe.
 28768 | Orc:2    | Found Tat Ahor's Armour Emporium.
 28773 | Orc:2    | Found Emoikkoz's Distillery.
 28782 | Orc:2    | Found Soahauff's Magic Scroll Shoppe.
 28822 | Orc:1    | Received a gift from Okawaru
 29362 | Orc:2    | Bought a potion of heal wounds for 65 gold pieces
 29362 | Orc:2    | Bought a potion of curing for 39 gold pieces
 29362 | Orc:2    | Bought a potion of heal wounds for 65 gold pieces
 29367 | Orc:2    | Bought a scroll of teleportation for 39 gold pieces
 29367 | Orc:2    | Bought 2 scrolls of teleportation for 78 gold pieces
 29367 | Orc:2    | Bought a scroll of teleportation for 39 gold pieces
 29367 | Orc:2    | Bought 2 scrolls of blinking for 195 gold pieces
 29399 | Orc:2    | Found a staircase to the Elven Halls.
 29413 | Orc:2    | Found Atogge's Food Boutique.
 29572 | Orc:2    | Received a gift from Okawaru
 29895 | Elf:1    | Entered Level 1 of the Elven Halls
 30498 | Elf:1    | Reached skill level 5 in Crossbows
 30729 | Elf:1    | Received a gift from Okawaru
 30729 | Elf:1    | Reached skill level 16 in Fighting
 30750 | Elf:1    | Identified Kikubaaqudgha's Almanac of Darkness (You found it on level 1 of the Elven Halls)
 31096 | Elf:2    | Found a runed gate.
 31109 | Elf:2    | Reached skill level 5 in Evocations
 31117 | Elf:2    | Received a gift from Okawaru
 31312 | Elf:2    | Found a runed gate.
 31315 | Elf:2    | Found an ancient bone altar of Kikubaaqudgha.
 31339 | Elf:2    | Received a gift from Okawaru
 31816 | Elf:2    | Found a runed gate.
 32135 | Elf:2    | Mutation became permanent: You have a pair of large horns on your head. [demonic ancestry]
 32135 | Elf:2    | Reached XP level 17. HP: 144/144 MP: 23/23
 33826 | Snake:1  | Entered Level 1 of the Snake Pit
 34215 | Snake:1  | Received a gift from Okawaru
 34741 | Snake:1  | Received a gift from Okawaru
 34741 | Snake:1  | Reached skill level 10 in Crossbows
 34860 | Snake:1  | Reached skill level 17 in Fighting
 35780 | Snake:2  | Noticed Kirke
 35791 | Snake:2  | Killed Kirke
 35827 | Snake:2  | Received a gift from Okawaru
 35861 | Snake:2  | Found Bial's Magic Scroll Shop.
 35869 | Snake:2  | Bought a scroll of blinking for 127 gold pieces
 36275 | Snake:2  | Gained mutation: You sometimes gain power by taking damage. [demonic ancestry]
 36275 | Snake:2  | Reached XP level 18. HP: 155/155 MP: 24/24
 36758 | Snake:3  | Reached skill level 18 in Fighting
 36776 | Snake:3  | Received a gift from Okawaru
 37088 | Snake:3  | Found a frozen archway.
 37473 | Snake:3  | Received a gift from Okawaru
 37645 | Snake:3  | Received a gift from Okawaru
 37665 | Snake:3  | Got a twisted dire flail {god gift}
 38033 | Snake:3  | Identified the +8 dire flail "Moamaj" {venom, Dex+3} (Okawaru gifted it to you on level 3 of the Snake Pit)
 38151 | Snake:3  | Noticed Asterion
 38174 | Snake:3  | Killed Asterion
 38508 | Snake:4  | Entered Level 4 of the Snake Pit
 38656 | Snake:4  | Reached skill level 19 in Fighting
 38707 | Snake:4  | Received a gift from Okawaru
 39735 | Snake:4  | Received a gift from Okawaru
 39759 | Snake:4  | Got a serpentine rune of Zot
 39970 | Snake:4  | Received a gift from Okawaru
 39981 | Snake:4  | Got a transparent morningstar {god gift}
 39982 | Snake:4  | Identified the +7 morningstar of Starshine {flame, Str+3} (Okawaru gifted it to you on level 4 of the Snake Pit)
 40066 | Snake:4  | Gained mutation: You resist negative energy. [demonic ancestry]
 40066 | Snake:4  | Reached XP level 19. HP: 117/167 MP: 23/25
 40721 | Orc:2    | Bought a smoking chain mail for 266 gold pieces
 40731 | Orc:2    | Identified the +7 chain mail "Nigraq" {Int+2 Slay+3} (You bought it in a shop on level 2 of the Orcish Mines)
 41058 | Shoals:1 | Entered Level 1 of the Shoals
 41058 | Shoals:1 | Noticed Aizul
 41071 | Lair:6   | Killed Aizul
 42038 | Shoals:1 | Reached skill level 20 in Fighting
 42179 | Shoals:2 | Noticed Donald
 42193 | Shoals:2 | Killed Donald
 42248 | Shoals:2 | Noticed Frances
 42269 | Shoals:2 | Killed Frances
 42269 | Shoals:2 | Received a gift from Okawaru
 42584 | Shoals:2 | Found a glowing silver altar of Zin.
 42885 | Shoals:2 | Got a jewelled scale mail
 42886 | Shoals:2 | Identified the +9 scale mail of the Stars {Regen+} (You found it on level 2 of the Shoals)
 43609 | Shoals:3 | Noticed Ilsuiw
 43648 | Shoals:2 | Received a gift from Okawaru
 43760 | Shoals:3 | Killed Ilsuiw
 43945 | Shoals:3 | Found Ilunle's General Store.
 43979 | Shoals:3 | Found Exidatol's Distillery.
 44211 | Shoals:3 | Noticed Polyphemus
 44216 | Shoals:3 | Noticed Mara
 44227 | Shoals:3 | Noticed Senshi's illusion
 44241 | Shoals:3 | Killed Polyphemus
 44253 | Shoals:3 | HP: 6/171 [Senshi's illusion[Mara] (9)]
 44710 | Shoals:3 | Noticed Senshi's illusion
 44731 | Shoals:3 | Killed Mara
 44731 | Shoals:3 | Received a gift from Okawaru
 44922 | Shoals:3 | Reached skill level 21 in Fighting
 44930 | Shoals:3 | Got a glittering graven amulet
 44931 | Shoals:3 | Identified the amulet of Beauty {+Rage rElec rC+} (You acquired it on level 3 of the Shoals)
 45198 | Shoals:4 | Entered Level 4 of the Shoals
 45793 | Shoals:3 | Bought a scroll of acquirement for 936 gold pieces
 45922 | Shoals:4 | Reached XP level 20. HP: 163/180 MP: 26/26
 46697 | Shoals:4 | Received a gift from Okawaru
 46824 | Shoals:4 | Identified the Incunabulum of the Mountains
 46919 | Shoals:4 | Got a barnacled rune of Zot
 47195 | Shoals:4 | Identified the Incunabulum of Hexes (You found it on level 4 of the Shoals)
 47364 | Shoals:3 | Bought a potion of curing for 36 gold pieces
 47364 | Shoals:3 | Bought 2 potions of curing for 72 gold pieces
 47364 | Shoals:3 | Bought a potion of curing for 36 gold pieces
 47364 | Shoals:3 | Bought 2 potions of cancellation for 192 gold pieces
 47364 | Shoals:3 | Bought a potion of agility for 48 gold pieces
 47760 | Depths:1 | Entered Level 1 of the Depths
 48357 | Depths:1 | Found Ytiumm's General Store.
 48528 | Depths:1 | Found a gateway to Hell.
 48540 | Depths:1 | Received a gift from Okawaru
 48540 | Depths:1 | Reached skill level 22 in Fighting
 48581 | Depths:1 | Gained mutation: You occasionally shout uncontrollably at your foes. [a shining eye]
 48584 | Depths:1 | Gained mutation: Your spells are a little easier to cast, but a little less powerful. [a shining eye]
 48689 | Depths:1 | Lost mutation: Your mind is acute. (Int +2) [potion of cure mutation]
 48689 | Depths:1 | Lost mutation: Your spells are a little easier to cast, but a little less powerful. [potion of cure mutation]
 48698 | Depths:1 | Lost mutation: You possess an exceptional clarity of mind. [potion of cure mutation]
 48698 | Depths:1 | Lost mutation: You occasionally shout uncontrollably at your foes. [potion of cure mutation]
 49988 | Vaults:1 | Entered Level 1 of the Vaults
 50121 | Vaults:1 | Noticed Saint Roka
 50133 | Vaults:1 | Killed Saint Roka
 51967 | Vaults:1 | Found a portal to a secret trove of treasure.
 52186 | Vaults:2 | Received a gift from Okawaru
 52196 | Vaults:2 | Got an ichor-stained morningstar {god gift}
 52343 | Vaults:2 | Noticed Nikola
 52355 | Vaults:2 | Killed Nikola
 52355 | Vaults:2 | Reached XP level 21. HP: 176/191 MP: 27/27
 52361 | Vaults:2 | Identified the +1 morningstar of Faiculuj {vamp, MP+9 SInv} (Okawaru gifted it to you on level 2 of the Vaults)
 52460 | Vaults:2 | Reached skill level 23 in Fighting
 52944 | Vaults:2 | Received a gift from Okawaru
 53240 | Vaults:2 | Found a staircase to the Crypt.
 53240 | Vaults:2 | Found an ancient bone altar of Kikubaaqudgha.
 53241 | Vaults:2 | Found a basalt altar of Yredelemnul.
 54940 | Vaults:3 | Reached skill level 24 in Fighting
 55222 | Vaults:3 | Paralysed by a great orb of eyes for 7 turns
 55720 | Vaults:4 | Noticed Boris
 55720 | Vaults:4 | Noticed Frederick
 55737 | Vaults:4 | Killed Frederick
 55737 | Vaults:4 | Received a gift from Okawaru
 55757 | Vaults:4 | Killed Boris
 55757 | Vaults:4 | Gained mutation: You are powered by pain. [demonic ancestry]
 55757 | Vaults:4 | Reached XP level 22. HP: 117/204 MP: 28/28
 55759 | Vaults:4 | Received a gift from Okawaru
 57426 | Vaults:4 | Noticed Sojobo
 57440 | Vaults:4 | Killed Sojobo
 57493 | Vaults:4 | Received a gift from Okawaru
 58187 | Depths:1 | Reached skill level 25 in Fighting
 59258 | Depths:2 | Received a gift from Okawaru
 59583 | Depths:2 | Found a gateway to a ziggurat.
 59734 | Depths:2 | Found a runed door.
 60131 | Depths:2 | Found a runed door.
 60150 | Depths:2 | Received a gift from Okawaru
 61581 | Depths:3 | Noticed a juggernaut
 61595 | Depths:3 | Killed a juggernaut
 61705 | Depths:3 | Received a gift from Okawaru
 61706 | Depths:3 | Found a one-way gate leading to the halls of Pandemonium.
 61772 | Depths:3 | Gained mutation: You are surrounded by a strong repulsion field (EV +4, rMsl). [demonic ancestry]
 61772 | Depths:3 | Reached XP level 23. HP: 215/215 MP: 29/29
 62686 | Depths:3 | Reached skill level 26 in Fighting
 62702 | Depths:3 | Found a one-way gate to the infinite horrors of the Abyss.
 63063 | Depths:4 | Found a glowing golden altar of the Shining One.
 63241 | Depths:4 | Received a gift from Okawaru
 63518 | Depths:4 | Received a gift from Okawaru
 64248 | Depths:5 | Entered Level 5 of the Depths
 64902 | Depths:5 | Received a gift from Okawaru
 65001 | Depths:5 | Noticed Jorgrun
 65008 | Depths:5 | Killed Jorgrun
 65336 | Depths:5 | Received a gift from Okawaru
 65554 | Depths:5 | Noticed Jory
 65585 | Depths:5 | Killed Jory
 65616 | Depths:5 | Found a gate to the Realm of Zot.
 65637 | Depths:5 | Reached skill level 27 in Fighting
 66260 | Depths:5 | Gained mutation: You are somewhat able to resist unholy torments (1 in 2 success). [demonic ancestry]
 66260 | Depths:5 | Reached XP level 24. HP: 184/227 MP: 29/29
 66278 | Depths:5 | Received a gift from Okawaru
 66784 | Vaults:5 | Entered Level 5 of the Vaults
 66796 | Vaults:4 | Received a gift from Okawaru
 67372 | Vaults:4 | Received a gift from Okawaru
 67702 | Vaults:5 | Reached skill level 5 in Shields
 69629 | Vaults:5 | Identified the Tome of Venom
 69972 | Vaults:5 | Gained mutation: Your melee attacks may debilitate your foes. [demonic ancestry]
 69972 | Vaults:5 | Reached XP level 25. HP: 228/234 MP: 29/29
 70076 | Vaults:5 | Noticed Wiglaf
 70098 | Vaults:5 | Killed Wiglaf
 70206 | Vaults:5 | Received a gift from Okawaru
 70235 | Vaults:5 | Got a silver rune of Zot
 70251 | Vaults:5 | Got a distressingly furry plate armour
 70252 | Vaults:5 | Identified the +9 plate armour of the Orb Guardian {Int+3} (You found it on level 5 of the Vaults)
 71367 | Elf:3    | Entered Level 3 of the Elven Halls
 72250 | Elf:3    | Received a gift from Okawaru
 72478 | Elf:3    | Received a gift from Okawaru
 72501 | Elf:3    | Reached skill level 10 in Shields
 72534 | Elf:3    | Received a gift from Okawaru
 72668 | Elf:3    | Got a clouded iron ring
 72669 | Elf:3    | Identified the ring of Compulsion {Fire Int+3 Dex-2} (You took it off a deep elf annihilator on level 3 of the Elven Halls)
 72672 | Elf:3    | Got a translucent jade ring
 72673 | Elf:3    | Identified the ring of Suamaq {+Fly rElec rN+ MP+9 Int+2} (You took it off a deep elf death mage on level 3 of the Elven Halls)
 72677 | Elf:3    | Got a pitted flail {vamp}
 72793 | Elf:3    | Identified the Incunabulum of Protection and the Volcanoes (You found it on level 3 of the Elven Halls)
 73266 | Crypt:1  | Entered Level 1 of the Crypt
 74206 | Crypt:1  | Noticed Boris
 74218 | Crypt:1  | Killed Boris
 74218 | Crypt:1  | Received a gift from Okawaru
 74554 | Crypt:2  | Noticed Mennas
 74585 | Crypt:2  | Killed Mennas
 74585 | Crypt:2  | Reached XP level 26. HP: 231/242 MP: 23/29
 75494 | Crypt:2  | Noticed a greater mummy
 75507 | Crypt:2  | Killed a greater mummy
 75796 | Crypt:3  | Entered Level 3 of the Crypt
 76314 | Crypt:3  | Got an ancient large shield
 76315 | Crypt:3  | Identified the +5 large shield of Plasticity {Str+3} (You found it on level 3 of the Crypt)
 76670 | Crypt:3  | Paralysed by a lich for 4 turns
 76675 | Crypt:3  | Received a gift from Okawaru
 76816 | Crypt:3  | Reached skill level 15 in Dodging
 76866 | Crypt:3  | Received a gift from Okawaru
 76987 | Crypt:3  | Reached skill level 15 in Armour
 77203 | Crypt:3  | Noticed an ancient lich
 77215 | Crypt:3  | Noticed an ancient lich
 77230 | Crypt:3  | Killed an ancient lich
 77230 | Crypt:3  | Received a gift from Okawaru
 77234 | Crypt:3  | Killed an ancient lich
 77245 | Crypt:3  | Found a staircase to the Tomb.
 77944 | Depths:3 | Voluntarily entered the Abyss.
 77970 | Abyss:2  | Found a corrupted altar of Lugonu.
 78013 | Abyss:3  | Identified a +8 rod of inaccuracy (14/14) (You found it on level 3 of the Crypt)
 78401 | Abyss:4  | Got an abyssal rune of Zot
 78681 | Depths:3 | Escaped the Abyss
 79139 | Slime:1  | Entered Level 1 of the Pits of Slime
 80101 | Slime:4  | Gained mutation: You are completely covered in sharp spines. [demonic ancestry]
 80101 | Slime:4  | Reached XP level 27. HP: 170/247 MP: 29/29
 80742 | Slime:6  | Entered Level 6 of the Pits of Slime
 80877 | Slime:6  | Gained mutation: You are weak. (Str -2) [a shining eye]
 80922 | Slime:6  | Gained mutation: You tend to lose your temper in combat. [a shining eye]
 80959 | Slime:6  | Received a gift from Okawaru
 81009 | Slime:6  | Gained mutation: Scrolls take you a little longer to read. [a shining eye]
 81077 | Slime:6  | Noticed the Royal Jelly
 81085 | Slime:6  | Killed the Royal Jelly
 81085 | Slime:6  | Received a gift from Okawaru
 81211 | Slime:6  | Got a brightly glowing wooden ring
 81226 | Slime:6  | Identified the ring of Rosih {rC+ MR+} (You found it on level 6 of the Pits of Slime)
 81250 | Slime:6  | Got a heavily runed tin ring
 81253 | Slime:6  | Identified the ring "Fixzett" {SustAt MP+9 Str+4 Slay-4} (You found it on level 6 of the Pits of Slime)
 81298 | Slime:6  | Identified the Grimoire of Creative Changing
 81334 | Slime:6  | Got a slimy rune of Zot
 81350 | Slime:6  | Got a scorched bronze amulet
 81436 | Slime:6  | Identified the amulet of the Pure Cities {Dismiss rElec MR- MP+9 Dex+4} (You found it on level 6 of the Pits of Slime)
 81735 | D:10     | Bought a potion of cure mutation for 425 gold pieces
 81735 | D:10     | Lost mutation: Scrolls take you a little longer to read. [potion of cure mutation]
 81735 | D:10     | Lost mutation: You tend to lose your temper in combat. [potion of cure mutation]
 81735 | D:10     | Lost mutation: You are weak. (Str -2) [potion of cure mutation]
 81811 | Orc:2    | Bought a potion of cure mutation for 325 gold pieces
 82132 | Zot:1    | Entered Level 1 of the Realm of Zot
 82460 | Zot:1    | Received a gift from Okawaru
 83254 | Zot:1    | Received a gift from Okawaru
 83545 | Zot:2    | Gained mutation: Your spells are a little easier to cast, but a little less powerful. [a neqoxec]
 83601 | Zot:2    | Noticed an orb of fire
 83609 | Zot:1    | Gained mutation: Your skin changes colour to match your surroundings (Stealth). [an orb of fire]
 83624 | Zot:1    | Gained mutation: Scrolls take you a little longer to read. [an orb of fire]
 83637 | Zot:1    | Gained mutation: You are frail (-10% HP). [an orb of fire]
 83641 | Zot:1    | Killed an orb of fire
 84202 | Zot:2    | Received a gift from Okawaru
 85415 | Zot:3    | Noticed an ancient lich
 85436 | Zot:3    | Killed an ancient lich
 86230 | Zot:4    | Received a gift from Okawaru
 86466 | Zot:4    | Received a gift from Okawaru
 87634 | Zot:4    | Received a gift from Okawaru
 87872 | Zot:5    | Entered Level 5 of the Realm of Zot
 87994 | Zot:5    | Received a gift from Okawaru
 88552 | Zot:5    | Noticed an orb of fire
 88552 | Zot:5    | Gained mutation: Your magical capacity is low (-10% MP). [an orb of fire]
 88575 | Zot:5    | Noticed an orb of fire
 88579 | Zot:5    | Gained mutation: You are dopey. (Int -2) [an orb of fire]
 88585 | Zot:5    | Gained mutation: Your magical capacity is very low (-20% MP). [an orb of fire]
 88670 | Zot:5    | Noticed an ancient lich
 88678 | Zot:5    | Noticed an orb of fire
 88679 | Zot:5    | Gained mutation: You are clumsy. (Dex -2) [an orb of fire]
 88698 | Zot:5    | Gained mutation: You are occasionally teleported next to monsters. [an orb of fire]
 88699 | Zot:5    | Killed an orb of fire
 88701 | Zot:5    | Lost mutation: You are clumsy. (Dex -2) [potion of cure mutation]
 88701 | Zot:5    | Lost mutation: Your magical capacity is very low (-20% MP). [potion of cure mutation]
 88701 | Zot:5    | Lost mutation: You are occasionally teleported next to monsters. [potion of cure mutation]
 88701 | Zot:5    | Lost mutation: Your spells are a little easier to cast, but a little less powerful. [potion of cure mutation]
 88712 | Zot:5    | Paralysed by a Zot trap for 4 turns
 88713 | Zot:5    | Noticed an orb of fire
 88722 | Zot:5    | Killed an orb of fire
 88726 | Zot:5    | Received a gift from Okawaru
 88736 | Zot:5    | Killed an orb of fire
 88804 | Zot:5    | Noticed an orb of fire
 88807 | Zot:5    | Gained mutation: You are very dopey. (Int -4) [an orb of fire]
 88824 | Zot:5    | Killed an orb of fire
 88831 | Zot:5    | Noticed an orb of fire
 88837 | Zot:5    | Killed an ancient lich
 88848 | Zot:5    | Gained mutation: You are very frail (-20% HP). [an orb of fire]
 88858 | Zot:5    | Killed an orb of fire
 88902 | Zot:5    | Noticed an orb of fire
 88912 | Zot:5    | Killed an orb of fire
 88948 | Zot:5    | Received a gift from Okawaru
 89014 | Zot:5    | Got the Orb of Zot
 89056 | Zot:5    | Killed an orb of fire
 89060 | Zot:5    | Noticed Olaang the pandemonium lord
 89073 | Zot:5    | Killed Olaang the pandemonium lord
 89178 | Zot:2    | Noticed Leddyc the pandemonium lord
 89203 | Zot:1    | Received a gift from Okawaru
 89586 | D:7      | Noticed Hoav the pandemonium lord
 89599 | D:7      | Killed Hoav the pandemonium lord
 89724 | D:1      | Noticed Woginip the pandemonium lord
 89746 | D:$      | Escaped with the Orb!

Skill      XL: |  1  2  3  4  5  6  7  8  9 10 11 12 13 14 15 16 17 18 19 20 21 22 23 24 25 26 27 |
---------------+----------------------------------------------------------------------------------+-----
Maces & Flails | 2 3 4 5 7 9 11 12 13 14 15 16 17 18 19 20 21 22 | 22.7
Fighting       | 4 5 6 7 8 9 10 11 12 13 15 16 17 19 21 22 24 25 27 | 27.0
Dodging        | 3 5 7 8 9 10 12 14 16 22 | 22.0
Armour         | 4 6 7 9 10 12 14 15 21 | 21.9
Invocations    | 3 7 8 |  8.2
Crossbows      | 7 10 | 10.0
Evocations     | 5 7 |  7.4
Shields        | 8 11 13 14 | 14.5

Action                   |  1- 3 |  4- 6 |  7- 9 | 10-12 | 13-15 | 16-18 | 19-21 | 22-24 | 25-27 || total
-------------------------+-------+-------+-------+-------+-------+-------+-------+-------+-------++-------
Melee: Flail             |    96 |    57 |   326 |   961 |   296 |       |       |       |       ||  1736
       Headbutt          |       |       |       |       |   617 |   644 |   520 |   622 |  1506 ||  3909
       Morningstar       |       |       |       |       |  1178 |  1428 |  1523 |   816 |       ||  4945
       Blowgun           |       |       |       |       |     1 |       |       |       |       ||     1
       Dire flail        |       |       |       |       |       |   318 |       |       |       ||   318
       Demon whip        |       |       |       |       |       |       |       |   846 |  3872 ||  4718
 Fire: Blowgun           |       |       |       |       |    30 |       |       |       |       ||    30
       Hand crossbow     |       |       |       |       |       |    28 |    79 |    10 |    10 ||   127
Throw: Throwing net      |       |       |       |       |     1 |       |       |       |     1 ||     2
Invok: Heroism           |       |       |       |     7 |    21 |    11 |     9 |    12 |    30 ||    90
       Finesse           |       |       |       |       |     2 |     3 |     7 |     5 |    15 ||    32
Evoke: Wand              |       |       |       |    12 |     1 |     3 |       |       |     8 ||    24
       Rod               |       |       |       |     5 |    10 |     3 |       |       |       ||    18
  Use: Potion            |       |     3 |       |       |     4 |     5 |     5 |     1 |    13 ||    31
       Scroll            |       |       |    16 |    13 |    14 |     7 |    18 |    31 |    31 ||   130
 Stab: Held in net/web   |       |       |       |       |       |       |     1 |       |     1 ||     2
       Distracted        |       |       |       |       |       |       |       |     1 |       ||     1
  Eat: Chunk             |     1 |     1 |    12 |    28 |    20 |    15 |    27 |    22 |     7 ||   133
       Bread ration      |       |       |     1 |       |     1 |       |       |       |       ||     2
       Fruit             |       |       |       |     2 |     2 |       |     7 |     2 |     5 ||    18
       Royal jelly       |       |       |       |     2 |       |       |       |       |       ||     2
       Meat ration       |       |       |       |       |     3 |     7 |     2 |     5 |     9 ||    26
       Beef jerky        |       |       |       |       |       |       |     5 |       |     1 ||     6
       Pizza             |       |       |       |       |       |       |       |       |    14 ||    14
Armor: Scale mail        |    21 |     5 |    89 |     6 |       |       |       |       |       ||   121
       Plate armour      |       |       |       |   319 |   498 |   718 |     5 |       |       ||  1540
       Chain mail        |       |       |       |       |       |       |   580 |   466 |       ||  1046
       Gold dragon armou |       |       |       |       |       |       |       |   101 |   921 ||  1022
Dodge: Dodged            |    17 |    16 |    91 |   256 |   526 |   782 |   806 |   785 |  1326 ||  4605
       Deflected         |       |       |       |       |       |       |       |    35 |    82 ||   117
Block: Shield            |    48 |    24 |   173 |   261 |       |   381 |   707 |   711 |   442 ||  2747
       Reflection        |       |       |     3 |       |       |       |    79 |    49 |    36 ||   167
       Large shield      |       |       |       |   281 |  1058 |   445 |       |       |  2288 ||  4072
